 Dungeon Crawl Stone Soup version 0.17.1-3-g152610e (webtiles) character file.

73247 Jerry the Carver (level 15, 136/136 HPs)
             Began as a Naga Fighter on Mar 3, 2016.
             Was the Champion of Cheibriados.
             Drowned
             ... on level 3 of the Spider Nest.
             The game lasted 04:20:09 (22234 turns).

Jerry the Carver (Naga Fighter)                    Turns: 22234, Time: 04:20:09

Health: 136/136    AC: 31    Str: 32    XL:     15   Next: 42%
Magic:  22/22      EV: 12    Int: 21    God:    Cheibriados [******]
Gold:   952        SH: 16    Dex: 32    Spells: 3 memorised, 7 levels left

rFire  . . .     SeeInvis +     P - +3 scimitar (flame)
rCold  + . .     Clarity  .     x - +4 ring mail {rC+}
rNeg   . . .     SustAt   .     c - +1 shield
rPois  +         Gourm    .     (helmet restricted)
rElec  +         Spirit   .     u - +1 cloak
rCorr  .         Warding  .     v - +1 pair of gloves
rMut   .         Stasis   .     Y - +5 naga barding of Qis Vaaqise {+Inv rElec Int-4 Dex+2}
MR     +....                    (no amulet)
Stlth  ++........               q - +3 ring of slaying
                                j - ring of flight

@: very slow, somewhat resistant to hostile enchantments, unstealthy
A: horns 1, yellow scales 1, see invisible, deformed body, poison resistance,
slowness 2, slow metabolism 1, spit poison 2, weak 1, subdued magic 1, constrict
1, AC +5
a: Spit Poison, Bend Time, Temporal Distortion, Slouch, Step From Time, Renounce
Religion, Evoke Invisibility, Evoke Flight


You were on level 3 of the Spider Nest.
You worshipped Cheibriados.
Cheibriados was exalted by your worship.
You were not hungry.

You visited 4 branches of the dungeon, and saw 19 of its levels.
You also visited: Ice Cave.

You collected 952 gold pieces.

Inventory:

Hand Weapons
 l - a +0 scimitar of holy wrath
 P - a +3 scimitar of flaming (weapon)
Armour
 c - a +1 shield (worn)
 u - a +1 cloak (worn)
 v - a +1 pair of gloves (worn)
 x - a +4 ring mail of cold resistance (worn)
 y - a +1 helmet
 K - a cursed -2 ring mail
 Y - the +5 naga barding of Qis Vaaqise (worn) {+Inv rElec Int-4 Dex+2}
   (You acquired it on level 4 of the Lair of Beasts)

   It affects your intelligence (-4).
   It affects your dexterity (+2).
   It insulates you from electricity.
   It lets you turn invisible.
Magical Staves
 H - an uncursed staff of death {unknown}
Jewellery
 j - a ring of flight (left hand)
 o - the ring of Robustness {AC+8}
   (You found it on level 1 of the Spider Nest)

   [ring of protection]

   It affects your AC (+8).
 q - a +3 ring of slaying (right hand)
 z - an uncursed ring of fire
 L - an uncursed ring of positive energy {unknown}
Wands
 m - a wand of heal wounds (8)
 p - a wand of paralysis (6)
 D - a wand of flame (25)
Scrolls
 a - a scroll of fog
 b - 7 scrolls of remove curse
 f - 9 scrolls of recharging
 k - 5 scrolls of teleportation
 n - 2 scrolls of identify
 G - 3 scrolls of magic mapping
 Q - 4 scrolls of fear
Potions
 d - 4 potions of agility
 g - 3 potions of resistance {unknown}
 h - 3 potions of cancellation
 r - a potion of ambrosia {unknown}
 s - 10 potions of curing
 t - a potion of lignification {unknown}
 w - 2 potions of flight {unknown}
 B - 2 potions of might
 C - 3 potions of poison {unknown}
 E - 5 potions of heal wounds
 F - a potion of magic {unknown}
 I - a potion of degeneration {unknown}
 O - a potion of berserk rage {unknown}
 U - a potion of invisibility {unknown}
 W - 4 potions of brilliance
Comestibles
 e - 9 bread rations
 i - 7 meat rations
 A - a royal jelly
 M - 5 fruits


   Skills:
 + Level 9.5 Fighting
   Level 8.8(11.0) Short Blades
 + Level 10.5(11.8) Long Blades
 + Level 10.2 Armour
 + Level 5.1 Dodging
 - Level 4.1 Stealth
 - Level 10.0 Shields
 - Level 3.0 Spellcasting
 - Level 3.2 Conjurations
 - Level 6.7 Translocations
 - Level 2.9 Air Magic
 - Level 3.4 Poison Magic
 - Level 10.3 Invocations


You had 7 spell levels left.
You knew the following spells:

 Your Spells              Type           Power        Failure   Level  Hunger
a - Phase Shift           Tloc           ###.......   24%         5    ######.
b - Mephitic Cloud        Conj/Pois/Air  ##......     9%          3    ###....
c - Warp Weapon           Chrm/Tloc      ##........   88%         5    ######.


Dungeon Overview and Level Annotations

Branches:
Dungeon (9/15)             Temple (1/1) D:6            Lair (5/8) D:9
  Swamp (0/4) Lair:4       Spider (4/4) Lair:4          Orc (0/4) D:9

Altars:
Ashenzari
Cheibriados
Dithmenos
Elyvilon
Fedhas
Gozag
Kikubaaqudgha
Makhleb
Nemelex Xobeh
Okawaru
Qazlal
Ru
Sif Muna
Vehumet
Xom
Yredelemnul
The Shining One
Beogh

Shops:
D:5 =

Annotations:
Spider:3 Asterion


Innate Abilities, Weirdness & Mutations

You cannot wear boots.
Your serpentine skin is tough (AC +5).
You have supernaturally acute eyesight.
Armour fits poorly on your strangely shaped body.
Your system is resistant to poisons.
You cover ground very slowly.
You have a slow metabolism.
You can spit poison.
You can use your snake-like lower body to constrict enemies.
You have a pair of small horns on your head.
You are partially covered in yellow scales (AC +2).
You are weak. (Str -2)
Your spells are a little easier to cast, but a little less powerful.


Message History

There is a web here.
The web tears apart.
You enter the shallow water.
Moving in this stuff is going to be slow.
Read which item? (? for menu, Esc to quit)
Okay, then.
Remove which piece of jewellery? (? for menu, Esc to quit)
Okay, then.
You're wearing all the rings you can.
Remove which one? (? for menu, Esc to cancel) < or
o - the ring of Robustness {AC+8}; > or
q - a +3 ring of slaying You remove the ring of Robustness {AC+8}.
j - a ring of flight (left hand)
You feel very buoyant.
You fly up into the air.
You feel somewhat more hungry.
Careful!
You are starting to lose your buoyancy.
Okay, then.
You float gracefully downwards.
You fall into the water!
You sink like a stone!
You drown...
You die...

####..# #.#.... ##≈
###...## ≈≈≈#
#.##..#. #≈≈####
#^.#..## #≈≈≈≈##
##^...# #####≈≈#
#...## #≈≈≈≈≈≈##
##.## #≈#≈≈≈≈≈@###
##.## #≈#≈##≈≈≈≈#
###.## ≈≈
##≈≈≈≈≈≈#####...^# ≈≈
##≈≈#≈#≈≈##.#.)..##
####≈≈≈≈≈≈≈≈..##...##
#^#≈≈≈##≈≈≈≈......##
#...≈≈≈≈#≈..#....##
##...###≈≈.###..##
#...##...^##<..#


There were no monsters in sight!

Vanquished Creatures
  Donald (Spider:1)
  An emperor scorpion (Spider:2)
  A hydra (Lair:4)
  Erica (D:9)
  Erolcha (D:8)
  A catoblepas (Lair:4)
  The ghost of Zeloya the Slicer, a novice KoHu of Okawaru (D:7)
  4 lindwurms (Lair:4)
  The ghost of MovingMist the Poker, a novice NaFi of Cheibriados (D:6)
  19 orb spiders
  27 wolf spiders
  An oklob plant (Lair:1)
  3 elephants
  A griffon (Lair:4)
  3 hornets
  4 black mambas
  A centaur zombie (D:6)
  Psyche (D:8)
  9 spiny frogs
  A torpor snail (Spider:2)
  2 fire drakes
  7 komodo dragons
  11 demonic crawlers
  31 jumping spiders
  5 blink frogs (Lair:5)
  9 trapdoor spiders
  30 redbacks
  A basilisk (Lair:3)
  26 yaks
  11 tarantellas
  Grum (D:9)
  6 hippogriffs
  A hungry ghost (D:8)
  7 wolves
  A black bear (D:6)
  9 porcupines
  Duvessa (D:6)
  10 water moccasins
  A soldier ant (D:9)
  8 orc warriors
  22 spiders
  A necrophage (D:8)
  9 ice beasts
  2 wasps
  3 phantoms
  3 sky beasts
  3 ogres
  3 centaurs
  14 crocodiles
  11 giant frogs
  11 big kobolds (D:8)
  A wyvern zombie (D:8)
  Dowan (D:6)
  3 killer bees (D:8)
  A jelly (D:9)
  An electric eel (Lair:5)
  4 wights (D:8)
  2 crimson imps
  11 orc priests
  2 gnoll shamans
  3 hounds
  2 centaur skeletons (D:9)
  13 orc wizards
  2 giant frog skeletons (D:4)
  7 hell rats (Lair:3)
  12 iguanas
  11 worker ants
  6 sheep (Lair:3)
  A hound zombie (D:5)
  21 gnolls
  A worker ant zombie (D:7)
  6 adders
  79 river rats
  4 shadow imps
  12 white imps
  2 adder skeletons
  An adder zombie (D:7)
  2 worms (D:3)
  4 giant geckos
  60 orcs
  9 giant cockroaches
  7 hobgoblins
  22 kobolds
  A quokka (D:5)
  4 ball pythons
  A ball python skeleton (D:5)
  11 bats
  A giant gecko skeleton (D:4)
  6 giant newts
  6 goblins
  6 jackals
  A jackal skeleton (D:4)
  A quokka skeleton (D:4)
  10 rats
  A bush (Lair:1)
704 creatures vanquished.

Vanquished Creatures (others)
  A jumping spider (Spider:4)
  An orc (D:9)
  7 fungi
  2 plants (Lair:4)
11 creatures vanquished.

Grand Total: 715 creatures vanquished

Notes
Turn   | Place    | Note
--------------------------------------------------------------
     0 | D:1      | Jerry the Naga Fighter began the quest for the Orb.
     0 | D:1      | Reached XP level 1. HP: 21/21 MP: 1/1
     3 | D:1      | Noticed an electric eel
     3 | D:1      | Noticed an electric eel
   189 | D:1      | Reached XP level 2. HP: 22/28 MP: 2/2
   850 | D:1      | Reached XP level 3. HP: 31/34 MP: 3/3
   877 | D:1      | Reached skill level 1 in Dodging
  1555 | D:2      | Found an opulent altar of Gozag.
  1556 | D:2      | Found a burning altar of Makhleb.
  1692 | D:2      | Found a shattered altar of Ashenzari.
  1873 | D:2      | Reached XP level 4. HP: 42/42 MP: 4/4
  2021 | D:3      | Found an ancient bone altar of Kikubaaqudgha.
  2243 | D:3      | Reached XP level 5. HP: 12/49 MP: 5/5
  2580 | D:3      | Found a white marble altar of Elyvilon.
  2700 | D:3      | Reached XP level 6. HP: 45/56 MP: 6/6
  2972 | D:3      | Reached skill level 4 in Shields
  3327 | D:4      | Reached skill level 1 in Stealth
  3335 | D:4      | Reached skill level 1 in Short Blades
  3344 | D:4      | Reached XP level 7. HP: 32/62 MP: 7/7
  4253 | D:5      | Entered Level 5 of the Dungeon
  4340 | D:5      | Found Ciosin's Jewellery Boutique.
  4429 | D:5      | Reached XP level 8. HP: 50/69 MP: 8/8
  4464 | D:5      | Reached skill level 5 in Shields
  5001 | D:6      | Noticed a centaur zombie
  5281 | D:6      | Noticed Duvessa
  5282 | D:6      | Noticed Dowan
  5294 | D:6      | Killed Duvessa
  5336 | D:6      | Killed Dowan
  5366 | D:6      | Found a staircase to the Ecumenical Temple.
  5381 | Temple   | Entered the Ecumenical Temple
  5411 | Temple   | Became a worshipper of Cheibriados the Contemplative
  5676 | D:6      | Noticed MovingMist's ghost (novice NaFi)
  5712 | D:6      | Reached XP level 9. HP: 76/76 MP: 9/9
  5730 | D:6      | Reached skill level 1 in Invocations
  5748 | D:6      | Killed MovingMist's ghost
  5748 | D:6      | Reached skill level 5 in Short Blades
  5748 | D:6      | Reached skill level 5 in Armour
  5748 | D:6      | Reached skill level 6 in Shields
  6034 | D:6      | Killed a centaur zombie
  6507 | D:6      | Reached * piety under Cheibriados
  6637 | D:7      | Noticed Zeloya's ghost (novice KoHu)
  6652 | D:7      | Killed Zeloya's ghost
  6652 | D:7      | Reached XP level 10. HP: 68/84 MP: 9/13
  6940 | D:7      | Reached skill level 7 in Shields
  6960 | D:7      | Got a distressingly furry ring mail
  6961 | D:7      | Identified the cursed +0 ring mail of Circular Logic {Stlth+} (You found it on level 7 of the Dungeon)
  6971 | D:7      | Learned a level 5 spell: Phase Shift
  7457 | D:8      | Reached skill level 1 in Translocations
  7648 | D:8      | Reached ** piety under Cheibriados
  7767 | D:8      | Reached skill level 1 in Spellcasting
  7946 | D:8      | Noticed Psyche
  7955 | D:8      | Killed Psyche
  7991 | D:8      | Noticed Erolcha
  8170 | D:8      | Killed Erolcha
  8583 | D:9      | Reached XP level 11. HP: 87/89 MP: 15/15
  8613 | D:9      | Reached *** piety under Cheibriados
  9051 | D:9      | Reached skill level 8 in Short Blades
  9052 | D:9      | Found a roughly hewn altar of Beogh.
  9052 | D:9      | Found a staircase to the Orcish Mines.
  9230 | D:9      | Reached skill level 5 in Translocations
  9562 | D:9      | Reached **** piety under Cheibriados
  9707 | D:9      | Found a staircase to the Lair.
  9707 | D:9      | Noticed Erica
  9726 | D:9      | Reached skill level 5 in Invocations
  9962 | D:9      | Noticed Grum
  9999 | D:9      | Killed Grum
 10324 | D:9      | Killed Erica
 10378 | D:9      | Noticed an unseen horror
 10396 | Lair:1   | Entered Level 1 of the Lair of Beasts
 10608 | Lair:1   | Found a frozen archway.
 10714 | IceCv    | Entered an ice cave
 10876 | IceCv    | Noticed riffraff's ghost (adept GrFi)
 10876 | IceCv    | Noticed kirsanium's ghost (journeyman GrEE)
 11186 | Lair:1   | Reached XP level 12. HP: 56/97 MP: 12/16
 11358 | Lair:1   | Identified the Handbook of Excruciating Envenoming
 11508 | Lair:1   | Reached skill level 5 in Long Blades
 13015 | Lair:2   | Reached ***** piety under Cheibriados
 13294 | Lair:2   | Found a snail-covered altar of Cheibriados.
 14214 | Lair:3   | Noticed an eight-headed hydra
 14973 | Lair:3   | Reached skill level 5 in Fighting
 15627 | Lair:4   | Found a staircase to the Swamp.
 15705 | Lair:4   | Gained mutation: You can use your snake-like lower body to constrict enemies. [Naga growth]
 15705 | Lair:4   | Reached XP level 13. HP: 101/111 MP: 15/19
 15721 | Lair:4   | Identified a +0 rod of the swarm (14/14) (You found it on level 4 of the Lair of Beasts)
 15873 | Lair:4   | Reached skill level 9 in Armour
 16082 | Lair:4   | Noticed a catoblepas
 16093 | Lair:4   | Killed a catoblepas
 16452 | Lair:4   | Found a hole to the Spider Nest.
 16827 | Lair:4   | Got a steaming robe
 16831 | Lair:4   | Got a scintillating wooden ring
 17292 | Lair:4   | Identified a scroll of acquirement
 17295 | Lair:4   | Got a twisted naga barding
 17307 | Lair:5   | Identified the +5 naga barding of Qis Vaaqise {+Inv rElec Int-4 Dex+2} (You acquired it on level 4 of the Lair of Beasts)
 17404 | Lair:5   | Found an ancient bone altar of Kikubaaqudgha.
 17539 | Lair:5   | Reached ****** piety under Cheibriados
 17837 | Lair:5   | Identified the +1 robe of Ececapirph {rCorr Int+4} (You found it on level 4 of the Lair of Beasts)
 17857 | Lair:5   | Identified the ring "Merumnam" {MP+9 Int+5 Dex-4 SInv} (You found it on level 4 of the Lair of Beasts)
 17869 | Lair:5   | Learned a level 3 spell: Mephitic Cloud
 17875 | Lair:5   | Learned a level 5 spell: Warp Weapon
 18016 | Spider:1 | Entered Level 1 of the Spider Nest
 18016 | Spider:1 | Noticed Donald
 18027 | Spider:1 | Killed Donald
 18755 | Spider:1 | Reached XP level 14. HP: 123/123 MP: 21/21
 18761 | Spider:1 | Reached skill level 10 in Invocations
 19129 | Spider:1 | Reached skill level 10 in Armour
 19618 | Spider:2 | Reached skill level 1 in Air Magic
 19618 | Spider:2 | Reached skill level 1 in Poison Magic
 19621 | Spider:2 | Reached skill level 1 in Conjurations
 20264 | Spider:2 | Gained mutation: You are frail (-10% HP). [potion of mutation]
 20264 | Spider:2 | Lost mutation: You are frail (-10% HP). [potion of mutation]
 20264 | Spider:2 | Gained mutation: You are partially covered in yellow scales (AC +2). [potion of mutation]
 20265 | Spider:2 | Gained mutation: You have a pair of small horns on your head. [potion of mutation]
 20265 | Spider:2 | Gained mutation: You are weak. (Str -2) [potion of mutation]
 20265 | Spider:2 | Gained mutation: Your spells are a little easier to cast, but a little less powerful. [potion of mutation]
 20858 | Spider:2 | Noticed an emperor scorpion
 20887 | Spider:2 | Killed an emperor scorpion
 20887 | Spider:2 | Reached skill level 10 in Long Blades
 20887 | Spider:2 | Reached XP level 15. HP: 81/134 MP: 12/22
 21626 | Spider:3 | Noticed Asterion
 21695 | Spider:4 | Entered Level 4 of the Spider Nest
 21713 | Spider:4 | Reached skill level 10 in Shields
 21760 | Spider:4 | Reached skill level 5 in Dodging
 22234 | Spider:3 | Drowned

Action                   |  1- 3 |  4- 6 |  7- 9 | 10-12 | 13-15 || total
-------------------------+-------+-------+-------+-------+-------++-------
Melee: Long sword        |   148 |    88 |       |       |       ||   236
       Short sword       |       |    57 |   245 |       |       ||   302
       Dagger            |       |       |   126 |   550 |       ||   676
       Scimitar          |       |       |       |   553 |   563 ||  1116
Invok: Bend Time         |       |       |     3 |    68 |    25 ||    96
       Temporal Distorti |       |       |       |     1 |       ||     1
       Slouch            |       |       |       |       |     8 ||     8
 Abil: Spit Poison       |     2 |    24 |    26 |    36 |    66 ||   154
       Evoke Flight      |       |       |       |       |     3 ||     3
Evoke: Wand              |       |     2 |     1 |     1 |       ||     4
  Use: Scroll            |     7 |     1 |     5 |    12 |    10 ||    35
       Potion            |       |     1 |       |       |     2 ||     3
 Stab: Sleeping          |       |       |     4 |     9 |    14 ||    27
       Distracted        |       |       |       |       |     3 ||     3
  Eat: Chunk             |     2 |     5 |    10 |    25 |    13 ||    55
       Beef jerky        |       |       |     1 |     1 |       ||     2
       Fruit             |       |       |       |       |     8 ||     8
       Pizza             |       |       |       |       |     1 ||     1
